 Dungeon Crawl Stone Soup version 0.29-a0-330-g52719c12eb (webtiles) character file.

Game seed: 13707017908950402781

1101 Anon1729 the Cleaver (level 8, -4/71 HPs)
             Began as a Minotaur Monk on Apr 30, 2022.
             Was a Follower of Qazlal.
             Slain by a troll (10 damage)
             ... on level 5 of the Dungeon.
             The game lasted 00:04:05 (5696 turns).

Anon1729 the Cleaver (Minotaur Monk)                Turns: 5696, Time: 00:04:05

Health: -4/71      AC:  9    Str: 17    XL:     8   Next: 10%
Magic:  7/7        EV: 12    Int:  7    God:    Qazlal [*.....]
Gold:   291        SH:  1    Dex: 14    Spells: 7/7 levels left

rFire   . . .      SeeInvis .   a - +0 hand axe
rCold   + . .      Faith    .   (no shield)
rNeg    . . .      Spirit   .   i - +0 chain mail
rPois   .          Reflect  .   (helmet restricted)
rElec   .          Harm     .   (no cloak)
rCorr   .          Rampage  .   (no gloves)
Will    .....                   (no boots)
Stlth   ..........              (no amulet)
HPRegen 0.21/turn               d - +4 ring of evasion
MPRegen 0.10/turn               u - ring of protection from cold

@: mighty, attractive
A: horns 2, retaliatory headbutt
a: Renounce Religion


You were on level 5 of the Dungeon.
You worshipped Qazlal.
Qazlal was aware of your devotion.
You visited 2 branches of the dungeon, and saw 6 of its levels.

You collected 291 gold pieces.

Inventory:

Hand Weapons
 a - a +0 hand axe (weapon)
Armour
 b - a +0 robe
 e - an orb of wrath
 i - a +0 chain mail (worn)
Jewellery
 d - a +4 ring of evasion (left hand)
 u - a ring of protection from cold (right hand)
Wands
 r - a wand of digging (4)
 v - a wand of polymorph (8)
Scrolls
 j - a scroll of blinking {unknown}
 k - 3 scrolls of teleportation {unknown}
 n - 3 scrolls of identify {unknown}
 p - 2 scrolls of magic mapping {unknown}
 t - a scroll of silence {unknown}
Potions
 c - 2 potions of ambrosia
 f - 2 potions of might
 g - a potion of attraction
 h - a potion of resistance {unknown}
 l - a potion of magic {unknown}
 m - a potion of haste {unknown}
 o - a potion of lignification {unknown}
 q - 2 potions of flight {unknown}
 s - a potion of cancellation {unknown}


   Skills:
 + Level 6.8 Fighting
 * Level 8.9 Axes
 + Level 5.4 Armour
 - Level 3.2 Dodging
 - Level 1.5 Stealth


You had 7 spell levels left.
You didn't know any spells.
Your spell library contained the following spells:

 Spells                   Type           Power      Damage    Failure   Level
 Corpse Rot               Necr/Air       0%         N/A       100%        2
 Poisonous Vapours        Pois/Air       0%         N/A       100%        2
 Airstrike                Air            0%         N/A       100%        4
 Summon Lightning Spire   Summ/Air       0%         N/A       100%        4
 Lightning Bolt           Conj/Air       0%         1d11      100%        5


Dungeon Overview and Level Annotations

Branches:
Dungeon (5/15)             Temple (1/1) D:4

Altars:
Cheibriados
Dithmenos
Elyvilon
Fedhas
Gozag
Kikubaaqudgha
Nemelex Xobeh
Qazlal
Ru
Sif Muna
Trog
Uskayaw
Vehumet
Wu Jian
Xom
Yredelemnul

Shops:
D:1 (   D:4 *

Annotations:
D:5 1 runed translucent door, kal9871's ghost, novice MfIE


Innate Abilities, Weirdness & Mutations

You have a pair of horns on your head.
You reflexively headbutt those who attack you in melee.


Message History

You hit the hound.
The hound is heavily wounded.
A necrophage comes into view.
The gnoll misses you. The hound bites you.
You slash the hound!
You kill the hound!
Qazlal accepts your kill.
The gnoll hits you from afar with a +0 vorpal spear.
An ice beast comes into view.
Found 21 gold pieces.
Found a shimmering altar of Xom.
A quokka comes into view.
The troll barely misses you. The troll closely misses you.
The troll claws you but does no damage.
The gnoll hits you with a +0 vorpal spear.
The ice beast moves out of view.
The troll attacks as you move away! The troll closely misses you.
The troll barely misses you. The troll closely misses you.
The gnoll barely misses you. The troll attacks as you move away!
The troll bites you. The troll claws you! x2
You hit the troll but do no damage. The troll barely misses you. x2
The troll claws you but does no damage.
The gnoll hits you from afar with a +0 vorpal spear.
You slash the troll! Your headbutt misses the troll.
The troll is moderately wounded.
The troll bites you.
* * * LOW HITPOINT WARNING * * *
The troll claws you.
* * * LOW HITPOINT WARNING * * *
You block the troll's attack. You block the gnoll's attack.
You feel very mighty all of a sudden. The troll bites you!
* * * LOW HITPOINT WARNING * * *
The troll barely misses you. The troll claws you but does no damage.
The gnoll closely misses you.
It was a potion of attraction.
You feel attractive to monsters. The troll bites you.
* * * LOW HITPOINT WARNING * * *
The troll claws you!
You die...

.. #..#
#####
....####..##
...........#
........(..#
....#####..#
... ###..#.#
. ##......#
##..####.#
#.@#### .#
#.ยง#Tnr# .
#....##g.#
..
#..##..Y..#
.. #..
#..#....# #.
#_# ....# #.
... ..#.#
#.#. ..#.#
.### .## #


You could see a troll, an ice beast, a necrophage, a gnoll and a quokka.

Vanquished Creatures
  Edmund (D:5)
  A black bear (D:4)
  A sky beast (D:3)
  An ice beast (D:4)
  A centaur (D:3)
  A bullfrog (D:4)
  A scorpion (D:5)
  3 wights (D:4)
  A jelly (D:4)
  4 hounds
  Natasha (thrice) (D:2)
  5 adders
  An ufetubus (D:4)
  3 worms
  4 dart slugs
  An orc (D:3)
  6 bats
  3 endoplasms
  5 giant cockroaches
  8 goblins
  5 hobgoblins
  6 jackals
  4 kobolds
  4 quokkas
  14 ball pythons
  3 rats
90 creatures vanquished.

Vanquished Creatures (others)
  4 fungi (D:5)
  A plant (D:5)
5 creatures vanquished.

Grand Total: 95 creatures vanquished

Notes
Turn   | Place    | Note
-------+----------+-------------------------------------------
     0 | D:1      | Anon1729 the Minotaur Monk began the quest for the Orb.
     0 | D:1      | Reached XP level 1. HP: 19/19 MP: 0/0
    37 | D:1      | Found Hirugyurr's Weapon Shoppe.
   201 | D:1      | Found a faded altar of an unknown god.
   281 | D:1      | Reached skill level 4 in Axes
   281 | D:1      | Reached XP level 2. HP: 27/27 MP: 1/1
   351 | D:1      | Prayed at the altar of an unknown god.
   351 | D:1      | Became a worshipper of Sif Muna the Loreminder
   351 | D:1      | Reached * piety under Sif Muna
   351 | D:1      | Reached ** piety under Sif Muna
   352 | D:1      | Fell from the grace of Sif Muna
   533 | D:1      | Reached skill level 1 in Armour
  1526 | D:2      | Found a blossoming altar of Fedhas.
  1546 | D:2      | Reached XP level 3. HP: 33/33 MP: 2/2
  1642 | D:2      | Noticed Natasha
  1660 | D:2      | Killed Natasha
  1843 | D:2      | Reached XP level 4. HP: 29/40 MP: 3/3
  1940 | D:2      | Noticed Natasha
  1952 | D:2      | Killed Natasha
  1953 | D:2      | Reached skill level 5 in Axes
  2321 | D:2      | Noticed Natasha
  2330 | D:2      | Killed Natasha
  2480 | D:3      | Noticed a centaur
  2489 | D:3      | Killed a centaur
  2490 | D:3      | Reached XP level 5. HP: 14/47 MP: 4/4
  2741 | D:3      | Reached skill level 6 in Axes
  2832 | D:3      | Noticed a sky beast
  2860 | D:3      | Killed a sky beast
  2861 | D:3      | Reached skill level 5 in Fighting
  2861 | D:3      | Reached XP level 6. HP: 12/56 MP: 5/5
  3936 | D:4      | Noticed an ice beast
  3951 | D:4      | Killed an ice beast
  3952 | D:4      | Reached skill level 7 in Axes
  3952 | D:4      | Reached XP level 7. HP: 49/62 MP: 6/6
  4019 | D:4      | Found a staircase to the Ecumenical Temple.
  4040 | Temple   | Entered the Ecumenical Temple
  4245 | Temple   | Became a worshipper of Qazlal Stormbringer
  4625 | D:4      | Reached skill level 8 in Axes
  4909 | D:4      | Found Dishrac's Elemental Accessories.
  5281 | D:4      | Reached * piety under Qazlal
  5420 | D:5      | Entered Level 5 of the Dungeon
  5428 | D:5      | Found a runed translucent door.
  5428 | D:5      | Noticed kal9871's ghost (novice MfIE)
  5435 | D:5      | Noticed Edmund
  5446 | D:5      | Killed Edmund
  5447 | D:5      | Reached skill level 5 in Armour
  5491 | D:5      | Was forgiven by Sif Muna
  5636 | D:5      | Reached XP level 8. HP: 70/71 MP: 7/7
  5684 | D:5      | Noticed a troll
  5690 | D:5      | Found a shimmering altar of Xom.
  5696 | D:5      | Slain by a troll

Illustrated notes

Levels and vault maps discovered:
D:1:      wander_arrival_desolate, layout_basic, serial_shops,
          nicolae_shop_bloodbath_and_beyond, basic_ecumenical_altar,
          solitary_fountain, serial_bayou_pond_e, hangedman_decor_slide_cut
D:2:      layout_basic, basic_altar, minmay_misc_feat_pillars, uniq_natasha
D:3:      layout_loops_ring
D:4:      layout_basic, minmay_temple_entry_offerings, skrybe_limestone_x,
          nicolae_elemental_shop, feat_on_display
D:5:      layout_basic, fedhas_altar_3, gammafunk_ghost_grave,
          minmay_ruined_shrine, uniq_edmund
Temple:   nicolae_temple_great_sept

Skill      XL: |  1  2  3  4  5  6  7 |
---------------+----------------------+-----
Axes           | 4 5 6 7 8 |  8.9
Armour         | 1 2 3 4 5 |  5.4
Fighting       | 4 5 6 |  6.8
Dodging        | |  3.2
Stealth        | |  1.5

Action                   |  1- 3 |  4- 6 |  7- 9 || total
-------------------------+-------+-------+-------++-------
Melee: Hand axe          |    54 |   104 |    93 ||   251
       Headbutt          |     8 |    17 |    21 ||    46
       Punch             |       |     2 |     1 ||     3
       Unarmed           |       |       |    18 ||    18
Invok: Renounce Religion |     1 |       |       ||     1
  Use: Potion            |       |       |     2 ||     2
 Stab: Sleeping          |     2 |       |       ||     2
Armor: Robe              |     4 |       |       ||     4
       Chain mail        |    25 |    73 |    26 ||   124
       Skin              |       |       |     5 ||     5
Dodge: Dodged            |    28 |    63 |    65 ||   156
Block: Other             |       |       |     3 ||     3

Table legend: (Time is in decaauts)
 A = Elapsed time spent in this place.
 B = Non-inter-level travel time spent in this place.
 C = Inter-level travel time spent in this place.
 D = Time resting spent in this place.
 E = Time spent auto-exploring this place.
 F = Levels seen in this place.
 G = Mean time per level.
                   A        B        C        D        E       F      G
               +--------+--------+--------+--------+--------+-----+--------+
         Total |   5699 |   5451 |    248 |    755 |   4032 |   6 |  949.8 |
       Dungeon |   5483 |   5245 |    238 |    755 |   3870 |   5 | 1096.6 |
        Temple |    215 |    205 |     10 |      0 |    162 |   1 |  215.0 |
               +--------+--------+--------+--------+--------+-----+--------+

Top non-repeatable levels by time:
     D:4: 1526 daAuts
     D:2: 1417 daAuts
     D:3: 1205 daAuts
     D:1: 1063 daAuts
     D:5: 271 daAuts
  Temple: 215 daAuts
